 Dungeon Sprint DCSS version 0.30-a0-116-g3b1a8e4ee4 (webtiles) character file.

Game seed: 7472031582790905089

465 rocky1 the Fencer (level 6, -10/56 HPs)
             Began as a Minotaur Gladiator on Sept 13, 2022.
             Was an Initiate of Gozag.
             Mangled by a fire elemental (13 damage)
             ... summoned by a deep elf pyromancer
             ... in the Dungeon (Sprint III: "The Ten Rune Challenge").
             The game lasted 00:03:12 (1503 turns).

rocky1 the Fencer (Minotaur Gladiator)              Turns: 1503, Time: 00:03:13

Health: -10/56     AC:  3    Str: 18    XL:     6   Next: 80%
Magic:  5/5        EV: 13    Int:  5    God:    Gozag
Gold:   22         SH:  0    Dex: 14    Spells: 5/5 levels left

rFire   . . .      SeeInvis .    a - +0 long sword
rCold   . . .      Faith    .    (no shield)
rNeg    . . .      Spirit   .    b - +0 leather armour
rPois   .          Reflect  .    c - +0 hat
rElec   .          Harm     .    (no cloak)
rCorr   .          Rampage  .    (no gloves)
Will    .....      NoTele   +    (no boots)
Stlth   +.........               (no amulet)
HPRegen 0.18/turn                (no ring)
MPRegen 0.09/turn                (no ring)

@: no status effects
A: horns 2, retaliatory headbutt
a: Renounce Religion, Potion Petition, Call Merchant, Bribe Branch


You were in the Dungeon.
You worshipped Gozag.
Gozag was noncommittal.
You visited 1 branch You collected 22 gold pieces.

Inventory:

Hand Weapons
 a - a +0 long sword (weapon)
Missiles
 d - a throwing net (quivered)
 e - a javelin
Armour
 b - a +0 leather armour (worn)
 c - a +0 hat (worn)
Scrolls
 k - a scroll of blinking
 l - a scroll of torment {unknown}
 m - 2 scrolls of identify {unknown}
 n - a scroll of poison {unknown}
Potions
 f - a potion of curing
 g - 2 potions of heal wounds
 h - a potion of haste
 i - 2 potions of magic
 o - 2 potions of flight
 p - 5 potions of mutation
Miscellaneous
 j - a phantom mirror


   Skills:
 + Level 5.1 Fighting
 - Level 15.6 Long Blades
 - Level 2.0 Throwing
 + Level 4.2 Armour
 + Level 5.2 Dodging


You had 5 spell levels left.
You didn't know any spells.
Your spell library was empty.

Dungeon Overview and Level Annotations

Branches:
Dungeon (1/1)

Altars:
Cheibriados
Elyvilon
Fedhas
Gozag
Hepliaklqana
Makhleb
Nemelex Xobeh
Qazlal
Xom
Zin
The Shining One
Jiyva
Lugonu


Innate Abilities, Weirdness & Mutations

You have a pair of horns on your head.
You reflexively headbutt those who attack you in melee.


Message History

Okay, then.
The fire elemental disappears in a puff of smoke!
The deep elf pyromancer gestures wildly while chanting.
The deep elf pyromancer blinks!
The deep elf pyromancer hits you with a +1 long sword of holy wrath.
The fire elemental closely misses you.
The deep elf pyromancer hits you with a +1 long sword of holy wrath.
The deep elf pyromancer casts a spell at you.
The sticky flame hits you!
You are covered in liquid flames!
The deep elf pyromancer attacks as you move away!
The deep elf pyromancer hits you with a +1 long sword of holy wrath!
You are covered in liquid flames!
There is an open door here.
You are covered in liquid flames!
You are no longer on fire.
The fire elemental closely misses you. The fire elemental closely misses you.
There is an open door here.
There is a blossoming altar of Fedhas here.
There's a creature in the doorway!
The fire elemental misses you.
There is a snail-covered altar of Cheibriados, spattered with blood here.
The fire elemental hits you. The fire elemental burns you!
* * * LOW HITPOINT WARNING * * *
There is a hazy altar of Hepliaklqana here.
There is an opulent altar of Gozag, spattered with blood here.
You kneel at the altar of Gozag.
Gozag welcomes you!
Gozag waives the service fee.
The fire elemental barely misses you.
Unknown command.
Press < or > to pray at altars.
The fire elemental hits you. The fire elemental burns you!
* * * LOW HITPOINT WARNING * * *
The fire elemental hits you.
* * * LOW HITPOINT WARNING * * *
The fire elemental burns you!
You die...
Your body crumbles into a pile of gold.

...♣.♣ ♣.#### $ $ .....♣♣
♣♣.#°○☼ $$ $$ ......♣
..#°☼☼ $$ $
....~.♣♣♣♣.###°#+###+##$
...~~.♣.♣..#...○○E....#$$
$ ..~~~~.♣♣..'.⌠.....°°.#
$$ $ $
..~≈≈~~~♣..#...######e#$$
$$ $$
.~~≈~~~....#.⌠.#__#.°°#
.~≈~~~.....#...#@_#○○.#
.~~~.......#+###EE#°E.#
...........# $#E○#○..+
...........# #_☼°☼..#
▓▓▓▓▓▓▓▓▓▓▓▓ ▓▓▓▓▓▓▓▓


You could see 3 fire elementals.

Vanquished Creatures
  A shadow (D)
  A spatial vortex (D)
  A scorpion (D)
  A water elemental (D)
  A jelly (D)
  Jessica (D)
  A human (D)
  3 rats (D)
10 creatures vanquished.

Notes
Turn   | Place    | Note
-------+----------+-------------------------------------------
     0 | D        | rocky1 the Minotaur Gladiator began the quest for the Orb.
     0 | D        | Reached XP level 1. HP: 18/18 MP: 0/0
     5 | D        | Reached skill level 4 in Long Blades
    13 | D        | Noticed Jessica
    19 | D        | Killed Jessica
    20 | D        | Reached skill level 8 in Long Blades
    20 | D        | Reached XP level 2. HP: 22/25 MP: 1/1
   138 | D        | Reached skill level 9 in Long Blades
   138 | D        | Reached XP level 3. HP: 30/30 MP: 2/2
   151 | D        | Noticed a scorpion
   163 | D        | Killed a scorpion
   164 | D        | Reached skill level 11 in Long Blades
   164 | D        | Reached XP level 4. HP: 20/37 MP: 3/3
   503 | D        | Noticed a water elemental
   509 | D        | Killed a water elemental
   510 | D        | Reached skill level 13 in Long Blades
   510 | D        | Reached XP level 5. HP: 33/42 MP: 4/4
   751 | D        | Noticed a shadow
   756 | D        | Killed a shadow
   757 | D        | Reached skill level 15 in Long Blades
   757 | D        | Reached XP level 6. HP: 32/50 MP: 5/5
   761 | D        | Reached skill level 1 in Armour
  1050 | D        | Found a blossoming altar of Fedhas.
  1050 | D        | Found a stormy altar of Qazlal.
  1050 | D        | Found a snail-covered altar of Cheibriados.
  1050 | D        | Found a burning altar of Makhleb.
  1050 | D        | Found a shimmering altar of Xom.
  1051 | D        | Found a hazy altar of Hepliaklqana.
  1051 | D        | Found an opulent altar of Gozag.
  1051 | D        | Found a sparkling altar of Nemelex Xobeh.
  1051 | D        | Found a corrupted altar of Lugonu.
  1051 | D        | Found a viscous altar of Jiyva.
  1051 | D        | Noticed a spatial vortex
  1460 | D        | Killed a spatial vortex
  1461 | D        | Reached skill level 5 in Fighting
  1461 | D        | Reached skill level 5 in Dodging
  1484 | D        | Found a glowing silver altar of Zin.
  1484 | D        | Found a glowing golden altar of the Shining One.
  1484 | D        | Found a white marble altar of Elyvilon.
  1484 | D        | Noticed a deep elf pyromancer
  1486 | D        | Noticed a fire elemental
  1486 | D        | Noticed a fire elemental
  1487 | D        | Noticed a fire elemental
  1487 | D        | Noticed a fire elemental
  1502 | D        | Became a worshipper of Gozag Ym Sagoz the Greedy
  1503 | D        | Mangled by a fire elemental

Illustrated notes

Levels and vault maps discovered:
D:        dungeon_sprint_mu [sprint_mu_entry_forest, sprint_mu_temple_rooms,
          sprint_mu_d1_spiders, sprint_mu_d2_genie, sprint_mu_d3_branching,
          sprint_mu_orc_legion, sprint_mu_elf_gauntlet, sprint_mu_hive_nellie,
          sprint_mu_lair_fedhas, sprint_mu_vaults_butterflies,
          sprint_mu_slime_circle, sprint_mu_swamp_cave, sprint_mu_snake_twists,
          sprint_mu_blade_basic, sprint_mu_crypt_chambers,
          sprint_mu_tomb_spiral, sprint_mu_vestibule_basic,
          sprint_mu_gehenna_hellfire, sprint_mu_dis_giant,
          sprint_mu_tartarus_statrot, sprint_mu_cocytus_islands, sprint_mu_zot1]

Skill      XL: |  1  2  3  4  5  6 |
---------------+-------------------+-----
Long Blades    | 8 9 11 13 15 | 15.6
Fighting       | 5 |  5.1
Armour         | 4 |  4.2
Dodging        | 5 |  5.2
Throwing       | |  2.0

Action                   |  1- 3 |  4- 6 || total
-------------------------+-------+-------++-------
Melee: Long sword        |    20 |    17 ||    37
       Headbutt          |     2 |     3 ||     5
       Punch             |     1 |       ||     1
Throw: Throwing net      |     1 |     2 ||     3
  Use: Potion            |       |     1 ||     1
 Stab: Held in net/web   |     2 |       ||     2
Armor: Leather armour    |     2 |     2 ||     4
Dodge: Dodged            |     6 |    10 ||    16

Table legend: (Time is in decaauts)
 A = Elapsed time spent in this place.
 B = Non-inter-level travel time spent in this place.
 C = Inter-level travel time spent in this place.
 D = Time resting spent in this place.
 E = Time spent auto-exploring this place.
 F = Levels seen in this place.
 G = Mean time per level.
                   A        B        C        D        E       F      G
               +--------+--------+--------+--------+--------+-----+--------+
         Total |   1512 |   1512 |      0 |   1285 |      0 |   1 | 1512.0 |
       Dungeon |   1512 |   1512 |      0 |   1285 |      0 |   1 | 1512.0 |
               +--------+--------+--------+--------+--------+-----+--------+

Top non-repeatable levels by time:
       D: 1512 daAuts
